 Dungeon Crawl Stone Soup version 0.23.2-33-g5129a83184 (webtiles) character file.

Game seed: 3156317301779737069

180490 troglodite the Omniscient (level 18, -13/142 HPs)
             Began as a Gnoll Skald on July 8, 2019.
             Was the Champion of Ashenzari.
             Killed from afar by Ilsuiw (35 damage)
             ... with a shard of ice
             ... on level 4 of the Shoals on July 10, 2019.
             The game lasted 04:40:13 (55398 turns).

troglodite the Omniscient (Gnoll Skald)            Turns: 55398, Time: 04:40:13

Health: -13/142    AC: 26    Str: 16    XL:     18   Next: 27%
Magic:  32/34      EV: 24    Int: 23    God:    Ashenzari [******]
Gold:   721        SH: 14    Dex: 19    Spells: 9/42 levels left

rFire    . . .     SeeInvis +   a - +5 long sword of Sulphur {vamp, +Blink Str+3 Int+3} (curse)
rCold    + . .     Gourm    .   S - +0 shield {rC+} (curse)
rNeg     + . .     Faith    .   z - +3 ring mail (curse)
rPois    +         Spirit   .   D - +2 helmet (curse)
rElec    .         Reflect  .   o - +2 cloak (curse)
rCorr    .         Harm     .   f - +2 pair of gloves (curse)
MR       +++++     Clarity  +   e - +2 pair of boots (curse)
Stlth    +++++.....             x - amulet of the Four Winds {rN+ MR+++ Clar} (curse)
HPRegen  0.33/turn              c - ring of poison resistance (curse)
MPRegen  0.24/turn              E - ring of protection from magic (curse)

@: no status effects
A: distributed training, fangs 1, strong nose
a: Curse Item, Scrying, Renounce Religion, Evoke Blink


You were on level 4 of the Shoals.
You worshipped Ashenzari.
Ashenzari was exalted by your worship.
You were very hungry.

You visited 5 branches of the dungeon, and saw 30 of its levels.
You visited 1 bazaar.
You also visited: Sewer and Ice Cave.

You collected 3268 gold pieces.
You spent 2547 gold pieces at shops.

Inventory:

Hand Weapons
 a - the cursed +5 long sword of Sulphur (weapon) {vamp, +Blink Str+3 Int+3}
   (You bought it in a shop on level 2 of the Orcish Mines)

   It inflicts no extra harm, but heals its wielder when it wounds a living foe.
   It affects your strength (+3).
   It affects your intelligence (+3).
   It lets you blink.
   It has a curse placed upon it.
 C - a +3 scimitar of flaming
 F - a +9 spear of freezing
Armour
 e - a cursed +2 pair of boots (worn)
 f - a cursed +2 pair of gloves (worn)
 o - a cursed +2 cloak (worn)
 z - a cursed +3 ring mail (worn)
 D - a cursed +2 helmet (worn)
 J - a +0 ring mail of cold resistance
 S - a cursed +0 shield of cold resistance (worn)
Jewellery
 c - a cursed ring of poison resistance (left hand)
 x - the cursed amulet of the Four Winds (around neck) {rN+ MR+++ Clar}
   (You found it on level 1 of the Snake Pit)

   [amulet of nothing]

   It protects you from negative energy.
   It affects your resistance to hostile enchantments.
   It protects you against confusion.
   It has a curse placed upon it.
 E - a cursed ring of protection from magic (right hand)
 N - an uncursed ring of protection from cold
Wands
 u - a wand of polymorph (7)
 L - a wand of acid (27)
 O - a wand of digging (3)
 T - a wand of iceblast (29)
 U - a wand of disintegration (18)
 W - a wand of paralysis (6)
 Z - a wand of flame (9)
Scrolls
 b - 7 scrolls of fear
 g - 5 scrolls of magic mapping
 k - 3 scrolls of fog
 n - 7 scrolls of remove curse
 r - a scroll of enchant armour
 s - 7 scrolls of teleportation
 t - a scroll of holy word
 y - a scroll of amnesia
 B - 2 scrolls of summoning
 P - 6 scrolls of identify
 Y - a scroll of enchant weapon
Potions
 h - a potion of lignification
 i - 3 potions of invisibility
 l - 8 potions of magic
 m - 11 potions of curing
 p - 4 potions of might
 q - 4 potions of flight
 w - 3 potions of agility
 A - a potion of ambrosia
 G - 4 potions of brilliance
 H - 5 potions of haste
 K - a potion of heal wounds
 M - a potion of berserk rage
 R - 5 potions of resistance
 V - a potion of cancellation
Miscellaneous
 v - a sack of spiders
 Q - a phial of floods
Comestibles
 d - 16 rations


   Skills:
 + Level 12.6 Fighting
 + Level 11.9 Short Blades
 + Level 11.9(16.0) Long Blades
 + Level 11.9 Axes
 + Level 11.9 Maces & Flails
 + Level 12.6 Polearms
 + Level 11.9 Staves
 + Level 11.9 Slings
 + Level 11.9 Bows
 + Level 11.9 Crossbows
 + Level 11.9 Throwing
 + Level 12.1(16.3) Armour
 + Level 12.6(16.7) Dodging
 + Level 11.9 Stealth
 + Level 11.9(14.6) Shields
 + Level 11.9 Unarmed Combat
 + Level 12.7 Spellcasting
 + Level 10.2(14.4) Conjurations
 + Level 10.2(14.4) Hexes
 + Level 11.4(15.6) Charms
 + Level 10.2(14.4) Summonings
 + Level 10.2(14.4) Necromancy
 + Level 10.2(14.4) Translocations
 + Level 10.2(14.4) Transmutations
 + Level 10.2(14.4) Fire Magic
 + Level 10.2(14.4) Ice Magic
 + Level 10.2(14.4) Air Magic
 + Level 10.2(14.4) Earth Magic
 + Level 10.2(14.4) Poison Magic
 + Level 12.8 Invocations
 + Level 11.9(16.0) Evocations


You had 9 spell levels left.
You knew the following spells:

 Your Spells              Type           Power        Failure   Level  Hunger
a - Bolt of Magma         Conj/Fire/Erth ######....   1%          5    ###....
b - Spectral Weapon       Hex/Chrm       ######..     1%          3    None
c - Regeneration          Chrm/Necr      ######....   1%          3    None
d - Magic Dart            Conj           ####         1%          1    None
e - Blink                 Tloc           N/A          1%          2    None
f - Conjure Flame         Conj/Fire      ######..     1%          3    None
g - Call Imp              Summ           ######..     1%          2    None
h - Vampiric Draining     Necr           ######....   1%          3    None
i - Animate Dead          Necr           N/A          1%          4    None
j - Pain                  Necr           ####         1%          1    None
l - Iron Shot             Conj/Erth      ######....   2%          6    #####..

Your spell library contained the following spells:

 Spells                   Type           Power        Failure   Level  Hunger
 Infusion                 Chrm           ####         0%          1    None
 Song of Slaying          Chrm           ######..     0%          2    None
 Animate Skeleton         Necr           N/A          1%          1    None
 Confusing Touch          Hex            ######       1%          1    None
 Sandblast                Erth           ######       1%          1    None
 Sting                    Conj/Pois      ####         1%          1    None
 Summon Small Mammal      Summ           ####         1%          1    None
 Passwall                 Tmut/Erth      ######..     1%          2    None
 Poisonous Vapours        Pois/Air       ######       1%          2    None
 Shroud of Golubria       Chrm/Tloc      ######....   1%          2    None
 Slow                     Hex            ######..     1%          2    None
 Call Canine Familiar     Summ           ######..     1%          3    None
 Confuse                  Hex            ######..     1%          3    None
 Gell's Gravitas          Tloc           ######....   1%          3    None
 Mephitic Cloud           Conj/Pois/Air  ######..     1%          3    None
 Stone Arrow              Conj/Erth      ######       1%          3    None
 Summon Guardian Golem    Hex/Summ       ######..     1%          3    None
 Leda's Liquefaction      Hex/Erth       ######....   1%          4    None
 Olgreb's Toxic Radiance  Pois           ######..     1%          4    None
 Petrify                  Tmut/Erth      ######..     1%          4    None
 Summon Ice Beast         Ice/Summ       ######..     1%          4    None
 Summon Lightning Spire   Summ/Air       ######..     1%          4    None
 Lee's Rapid Deconstruct  Erth           ######....   1%          5    ###....
 Metabolic Englaciation   Hex/Ice        ######....   1%          5    ###....
 Venom Bolt               Conj/Pois      ######....   1%          5    ###....
 Yara's Violent Unravell  Hex/Tmut       ######....   1%          5    ###....
 Statue Form              Tmut/Erth      ######...    2%          6    #####..
 Shatter                  Erth           ######....   100%        9    #######


Dungeon Overview and Level Annotations

Branches:
Dungeon (15/15)            Temple (0/1) D:7            Lair (6/6) D:8
 Shoals (4/4) Lair:4        Snake (3/4) Lair:2        Slime (0/5) Lair:5
    Orc (2/2) D:10            Elf (0/3) Orc:2        Vaults (0/5) D:13
 Depths: D:15

Altars:
Ashenzari
Fedhas
Gozag
Makhleb
Okawaru
Sif Muna
Uskayaw
Wu Jian
Xom
Yredelemnul

Shops:
D:5 (   D:8 %   D:11 ?   D:13 *   D:14 *!*?   D:15 !   Orc:2 =(*:   Snake:1 }[
Snake:3 =?%

Annotations:
D:9 1 runed translucent door
Lair:3 1 exclusion
Shoals:4 Ilsuiw
Snake:3 3 runed translucent doors, Mara; TuffENuff's ghost, adept FoFi
Orc:1 2 transporters, Sassenached's ghost, journeyman KoEn


Innate Abilities, Weirdness & Mutations

Your experience applies equally to all skills.
You have very sharp teeth.
Your uncanny sense of smell can sniff out nearby items.


Message History

You are unaffected.
You block the merfolk javelineer's attack.
You block the water elemental's attack.
The merfolk javelineer completely misses you.
The water elemental hits your spectral weapon!
Your spectral weapon shares its damage with you!
Your spectral weapon fades away.
* * * LOW HITPOINT WARNING * * *
The merfolk siren chants a haunting song.
You are unaffected.
The merfolk javelineer hits you from afar with a +0 spear of venom.
* * * LOW HITPOINT WARNING * * *
Ilsuiw sings a haunting melody.
The merfolk siren chants a haunting song.
You are unaffected.
There is a stone staircase leading up here.
You see here 2 steel javelins.
Ilsuiw gestures at you while chanting. The shard of ice hits you!!
You partially resist.
You die...

≈≈≈≈≈≈≈≈.....≈≈≈≈≈≈≈≈≈≈≈ * * ≈
≈≈≈≈.≈≈≈≈≈≈≈≈≈≈≈≈≈≈≈≈≈≈ *≈≈≈≈ **≈
≈≈≈.≈≈≈≈≈≈≈≈≈≈≈≈≈≈≈≈≈≈#*≈*, ,,≈*#
≈≈..≈≈≈.≈≈≈≈..≈≈≈≈..≈≈#≈*∆,≈≈≈≈≈#
≈≈..≈≈≈≈≈≈....≈≈≈≈..≈≈# ,{ ≈≈#≈≈#
≈≈≈....≈≈..#....≈≈≈≈≈≈# ,≈ #≈≈≈#
≈≈≈..........(..≈≈≈≈≈≈# ≈ ≈#≈≈≈≈#
≈........(....m..≈≈≈≈≈# {≈#≈≈≈#≈#
≈≈...........EE.@.≈≈≈≈## ,..#.#≈
≈≈≈<.....#...Em..(.m≈≈≈## , ..#.≈
≈........#...........≈≈≈######m.P
≈≈.≈...####..m...(...≈≈...P.PPP..
≈≈≈......##........(.....m....P..
≈≈≈......#.........≈######.m.P...
≈≈≈.≈.≈≈≈.........≈##≈≈≈≈≈#≈≈≈...
≈≈≈≈≈≈≈≈≈≈≈.....≈≈##≈≈≈≈≈#≈#≈{m..
≈≈≈≈≈≈≈≈≈≈≈≈≈≈≈≈≈≈#≈≈≈#≈≈≈#≈#≈≈.P


You could see Ilsuiw (invisible), a merfolk javelineer, a merfolk (wandering), 3
water elementals and a merfolk siren.

Vanquished Creatures
  Nikola (Shoals:2)
  Jorgrun (Orc:2)
  3 krakens
  Polyphemus (Shoals:2)
  Roxanne (D:14)
  A nagaraja (Snake:2)
  A frost giant (IceCv)
  Aizul (Snake:2)
  Snorg (D:11)
  2 ettins
  5 merfolk impalers
  A merfolk javelineer (Shoals:2)
  Erolcha (D:9)
  2 naga warriors
  2 merfolk avatars
  Erica (D:8)
  7 hydras
  6 anacondas
  A catoblepas (Shoals:1)
  A centaur warrior (D:12)
  3 alligator snapping turtles
  15 two-headed ogres
  3 ogre magi
  2 merfolk aquamancers
  2 tengu warriors
  2 satyrs
  Urug (D:13)
  8 death yaks
  5 naga sharpshooters
  4 shock serpents
  3 skeletal warriors (D:15)
  An iron troll (Orc:2)
  9 sea snakes
  An unseen horror (D:11)
  2 naga ritualists
  A deep troll (Orc:2)
  An orc knight (Orc:1)
  8 mana vipers
  9 harpies (Shoals:1)
  2 ugly things
  4 manticores
  7 cyclopes
  3 orc sorcerers (Orc:1)
  21 fauns
  3 salamanders
  3 water nymphs
  3 guardian serpents
  20 black mambas
  7 elephants
  3 ice statues
  8 merfolk sirens
  13 naga magi
  3 torpor snails
  A gargoyle (D:14)
  12 spiny frogs
  A kobold demonologist (D:11)
  4 komodo dragons
  A rime drake (Lair:5)
  5 ice devils (D:10)
  2 harpy zombies (Shoals:4)
  A queen bee (D:8)
  5 tengu conjurers
  12 trolls
  29 polar bears
  4 hornets
  9 dream sheep
  12 merfolk
  12 blink frogs
  Grinder (D:4)
  11 slime creatures
  8 hippogriffs
  6 snapping turtles
  4 water elementals
  A vampire (D:14)
  3 wraiths
  12 spriggans (Lair:3)
  2 wyverns
  41 yaks
  2 humans (D:8)
  A human (shapeshifter) (D:14)
  2 hungry ghosts
  4 vampire mosquitoes (D:12)
  6 basilisks
  Edmund (D:4)
  16 nagas
  8 swamp worms (D:10)
  An acid dragon (D:14)
  16 water moccasins
  A two-headed ogre zombie (D:10)
  2 soldier ants
  9 porcupines
  11 wargs
  15 hell hounds (Lair:6)
  Purgy (Sewer)
  16 orc warriors
  3 sky beasts
  7 ice beasts
  3 eyes of draining
  6 phantoms
  17 black bears
  24 ogres
  3 boggarts (Lair:3)
  11 centaurs
  26 wolves
  7 crocodiles
  2 big kobolds
  17 bullfrogs
  A gnoll sergeant (D:9)
  2 hippogriff zombies (Shoals:4)
  A wyvern zombie (D:10)
  A water moccasin skeleton (D:9)
  7 scorpions
  25 killer bees
  7 wights
  5 electric eels
  8 howler monkeys
  4 crimson imps
  4 centaur zombies
  A bullfrog zombie (D:6)
  13 jellies
  11 hounds
  20 orc priests
  2 bullfrog skeletons
  26 orc wizards
  5 centaur skeletons
  10 worker ants
  4 iguanas
  7 ogre zombies (D:10)
  4 hound skeletons
  A worker ant zombie (D:7)
  15 adders
  15 gnolls
  2 shadow imps
  An ooze (D:7)
  7 ufetubi (D:10)
  An adder zombie (D:9)
  2 adder skeletons
  3 worms
  A dart slug (D:1)
  4 leopard geckos
  56 orcs
  A ball python (Lair:2)
  5 giant cockroaches
  6 goblins
  10 hobgoblins
  15 jackals
  24 kobolds
  4 quokkas
  7 bats
  4 frilled lizards
  A giant cockroach zombie (D:5)
  A goblin skeleton (D:10)
  3 goblin zombies (D:10)
  3 hobgoblin zombies (D:10)
  4 orc skeletons (D:10)
  14 orc zombies (D:10)
  A quokka skeleton (D:4)
  11 rats
  3 plants
  9 tentacles
1059 creatures vanquished.

Vanquished Creatures (collateral kills)
  A death yak (Lair:6)
  A wolf (Lair:6)
  A plant (Lair:6)
3 creatures vanquished.

Vanquished Creatures (others)
  A merfolk aquamancer (Shoals:2)
  A tengu conjurer (D:14)
  2 nagas (Snake:1)
  2 orcs (Orc:1)
  A bat (Shoals:3)
  8 fungi
  28 plants
  88 spectral weapons
  30 tentacles
161 creatures vanquished.

Grand Total: 1223 creatures vanquished

Notes
Turn   | Place    | Note
-------+----------+-------------------------------------------
     0 | D:1      | troglodite the Gnoll Skald began the quest for the Orb.
     0 | D:1      | Reached XP level 1. HP: 20/20 MP: 6/6
    73 | D:1      | Reached XP level 2. HP: 2/26 MP: 7/7
   858 | D:1      | Reached XP level 3. HP: 15/31 MP: 9/9
   875 | D:1      | Reached skill level 5 in Spellcasting
  1551 | D:1      | Reached skill level 1 in Invocations
  1587 | D:1      | Learned a level 3 spell: Spectral Weapon
  1591 | D:1      | Learned a level 3 spell: Regeneration
  1769 | D:2      | Found a blossoming altar of Fedhas.
  1791 | D:2      | Reached skill level 1 in Short Blades
  1791 | D:2      | Reached skill level 1 in Long Blades
  1791 | D:2      | Reached skill level 1 in Axes
  1791 | D:2      | Reached skill level 1 in Maces & Flails
  1791 | D:2      | Reached skill level 1 in Staves
  1791 | D:2      | Reached skill level 1 in Slings
  1791 | D:2      | Reached skill level 1 in Bows
  1791 | D:2      | Reached skill level 1 in Crossbows
  1791 | D:2      | Reached skill level 1 in Throwing
  1791 | D:2      | Reached skill level 1 in Stealth
  1791 | D:2      | Reached skill level 1 in Shields
  1791 | D:2      | Reached skill level 1 in Unarmed Combat
  1791 | D:2      | Reached skill level 1 in Evocations
  1791 | D:2      | Reached XP level 4. HP: 27/38 MP: 11/11
  1951 | D:2      | Found a shattered altar of Ashenzari.
  2886 | D:2      | Reached skill level 1 in Conjurations
  2886 | D:2      | Reached skill level 1 in Hexes
  2886 | D:2      | Reached skill level 1 in Summonings
  2886 | D:2      | Reached skill level 1 in Necromancy
  2886 | D:2      | Reached skill level 1 in Translocations
  2886 | D:2      | Reached skill level 1 in Transmutations
  2886 | D:2      | Reached skill level 1 in Fire Magic
  2886 | D:2      | Reached skill level 1 in Ice Magic
  2886 | D:2      | Reached skill level 1 in Air Magic
  2886 | D:2      | Reached skill level 1 in Earth Magic
  2886 | D:2      | Reached skill level 1 in Poison Magic
  3087 | D:2      | Became a worshipper of Ashenzari the Shackled
  3136 | D:3      | Reached XP level 5. HP: 32/43 MP: 12/12
  3149 | D:3      | Found an ornate altar of the Wu Jian Council.
  3834 | D:4      | Found a glowing drain.
  3859 | Sewer    | Entered a sewer
  3881 | Sewer    | Noticed Purgy
  3905 | Sewer    | Killed Purgy
  3905 | Sewer    | Reached skill level 5 in Fighting
  3905 | Sewer    | Reached skill level 5 in Polearms
  3905 | Sewer    | Reached skill level 5 in Dodging
  3905 | Sewer    | Reached XP level 6. HP: 19/51 MP: 14/14
  4842 | D:4      | Reached * piety under Ashenzari
  4912 | D:4      | Reached XP level 7. HP: 55/56 MP: 15/15
  5051 | D:4      | Noticed Edmund
  5105 | D:4      | Killed Edmund
  5295 | D:4      | Noticed Grinder
  5311 | D:4      | Killed Grinder
  5525 | D:4      | Reached XP level 8. HP: 48/63 MP: 16/16
  5542 | D:4      | Got the cursed quarterstaff "Qionuenk" {crush, MP+9}
  6069 | D:5      | Entered Level 5 of the Dungeon
  6345 | D:5      | Found Lucaoshru's Weapon Shoppe.
  6426 | D:5      | Noticed a two-headed ogre
  7570 | D:6      | Found a shimmering altar of Xom.
  7718 | D:6      | Found a shimmering altar of Xom.
  7718 | D:6      | Found a shimmering altar of Xom.
  7726 | D:6      | Found a shimmering altar of Xom.
  7734 | D:6      | Found a shimmering altar of Xom.
  7734 | D:6      | Found a shimmering altar of Xom.
  7734 | D:6      | Found a shimmering altar of Xom.
  7734 | D:6      | Found a shimmering altar of Xom.
  8054 | D:6      | Reached XP level 9. HP: 68/69 MP: 18/18
  8057 | D:6      | Reached ** piety under Ashenzari
  8442 | D:5      | Killed a two-headed ogre
  8442 | D:5      | Reached skill level 5 in Armour
  8955 | D:7      | Reached skill level 5 in Invocations
  9508 | D:7      | Found a staircase to the Ecumenical Temple.
  9551 | D:7      | Reached XP level 10. HP: 77/77 MP: 20/20
 10270 | D:8      | Noticed a death yak
 10506 | D:7      | Reached skill level 5 in Short Blades
 10506 | D:7      | Reached skill level 5 in Long Blades
 10506 | D:7      | Reached skill level 5 in Axes
 10506 | D:7      | Reached skill level 5 in Maces & Flails
 10506 | D:7      | Reached skill level 5 in Staves
 10506 | D:7      | Reached skill level 5 in Slings
 10506 | D:7      | Reached skill level 5 in Bows
 10506 | D:7      | Reached skill level 5 in Crossbows
 10506 | D:7      | Reached skill level 5 in Throwing
 10506 | D:7      | Reached skill level 5 in Stealth
 10506 | D:7      | Reached skill level 5 in Shields
 10506 | D:7      | Reached skill level 5 in Unarmed Combat
 10506 | D:7      | Reached skill level 5 in Evocations
 11035 | D:8      | Noticed a death yak
 11037 | D:8      | Noticed a death yak
 11640 | D:7      | HP: 3/77 [death yak (9)]
 12155 | D:8      | Found Ekaag's Food Boutique.
 12225 | D:8      | Found a staircase to the Lair.
 12262 | D:8      | Learned a level 1 spell: Magic Dart
 12265 | D:8      | Learned a level 2 spell: Blink
 12269 | D:8      | Learned a level 3 spell: Conjure Flame
 12352 | D:8      | Found an iron altar of Okawaru.
 12459 | D:8      | Noticed Erica
 12999 | D:7      | HP: 2/79 [something (2)]
 13004 | D:7      | HP: 1/79 [poisoned by a killer bee]
 13696 | D:6      | Identified the cursed +2 quarterstaff "Qionuenk" {crush,
                  | MP+9} (You found it on level 4 of the Dungeon)
 13746 | D:7      | Killed a death yak
 14155 | D:7      | Killed a death yak
 14352 | D:7      | Reached XP level 11. HP: 79/84 MP: 22/22
 14380 | D:8      | Killed a death yak
 15362 | D:8      | Reached skill level 5 in Conjurations
 15362 | D:8      | Reached skill level 5 in Hexes
 15362 | D:8      | Reached skill level 5 in Summonings
 15362 | D:8      | Reached skill level 5 in Necromancy
 15362 | D:8      | Reached skill level 5 in Translocations
 15362 | D:8      | Reached skill level 5 in Transmutations
 15362 | D:8      | Reached skill level 5 in Fire Magic
 15362 | D:8      | Reached skill level 5 in Ice Magic
 15362 | D:8      | Reached skill level 5 in Air Magic
 15362 | D:8      | Reached skill level 5 in Earth Magic
 15362 | D:8      | Reached skill level 5 in Poison Magic
 15392 | D:8      | Found a hide-covered altar of Uskayaw.
 15392 | D:8      | Found a basalt altar of Yredelemnul.
 15404 | D:8      | Killed Erica
 15883 | D:9      | Found a runed translucent door.
 15883 | D:9      | Noticed a sixfirhy
 16086 | D:9      | Found a deep blue altar of Sif Muna.
 16221 | D:9      | Noticed Erolcha
 16236 | D:9      | Killed Erolcha
 16728 | D:10     | Entered Level 10 of the Dungeon
 16877 | D:10     | Found a staircase to the Orcish Mines.
 17508 | D:10     | Reached *** piety under Ashenzari
 17690 | D:10     | Reached XP level 12. HP: 88/93 MP: 24/24
 18950 | D:11     | Found Zyiv's Magic Scroll Emporium.
 19012 | D:11     | Bought a scroll of enchant weapon for 90 gold pieces
 19012 | D:11     | Bought a scroll of magic mapping for 42 gold pieces
 19012 | D:11     | Bought a scroll of enchant weapon for 90 gold pieces
 19025 | D:11     | Noticed a tengu warrior
 19079 | D:11     | Killed a tengu warrior
 19373 | D:11     | Noticed Snorg
 19391 | D:11     | Killed Snorg
 19474 | D:11     | Identified the cursed +0 cloak "Cixenes" {+Fly rCorr Int-5
                  | Stlth+}
 19748 | D:11     | Reached **** piety under Ashenzari
 20035 | D:10     | Learned a level 2 spell: Call Imp
 20638 | Orc:1    | Entered Level 1 of the Orcish Mines
 20648 | Orc:1    | Noticed a two-headed ogre
 20660 | Orc:1    | Killed a two-headed ogre
 20687 | Orc:1    | Noticed an ettin
 20702 | Orc:1    | Killed an ettin
 20975 | Orc:2    | Entered Level 2 of the Orcish Mines
 20975 | Orc:2    | Found a staircase to the Elven Halls.
 21097 | Orc:2    | Noticed a two-headed ogre
 21105 | Orc:2    | Killed a two-headed ogre
 21296 | Orc:2    | Reached XP level 13. HP: 94/101 MP: 26/26
 21646 | Orc:1    | Found a transporter.
 21656 | Orc:1    | Noticed Sassenached's ghost (journeyman KoEn)
 22249 | Orc:1    | Found a transporter.
 22985 | Orc:2    | Noticed an ettin
 24462 | Orc:2    | Killed an ettin
 24547 | Orc:2    | Noticed Jorgrun
 24674 | Orc:2    | Killed Jorgrun
 25021 | Orc:2    | Found Yqucamyg's General Store.
 25025 | Orc:2    | Reached skill level 10 in Spellcasting
 25395 | Orc:2    | Found Bujir's Jewellery Emporium.
 25402 | Orc:2    | Found Natogiga's Book Shop.
 25421 | Orc:2    | Reached XP level 14. HP: 94/109 MP: 28/28
 25433 | Orc:2    | Found Keros's Antique Weapon Shoppe.
 25735 | Orc:2    | Bought a shimmering spear for 224 gold pieces
 25735 | Orc:2    | Identified the +0 spear of the Heavens {holy, MP+9 Dex+4}
                  | (You bought it in a shop on level 2 of the Orcish Mines)
 25944 | Orc:2    | Bought an encrusted long sword for 238 gold pieces
 25944 | Orc:2    | Identified the +5 long sword of Sulphur {vamp, +Blink Str+3
                  | Int+3} (You bought it in a shop on level 2 of the Orcish
                  | Mines)
 25975 | Orc:2    | Bought an uncursed amulet of regeneration for 420 gold
                  | pieces
 26334 | Lair:1   | Entered Level 1 of the Lair of Beasts
 26875 | Lair:1   | Found an ornate altar of the Wu Jian Council.
 26919 | Lair:1   | Reached skill level 10 in Fighting
 26919 | Lair:1   | Reached skill level 10 in Polearms
 26919 | Lair:1   | Reached skill level 10 in Dodging
 27256 | Lair:2   | Reached ***** piety under Ashenzari
 27615 | Lair:2   | Found a staircase to the Snake Pit.
 28122 | Lair:2   | Identified the ring of Mistrust {Str+3 Int+7 Slay-6}
 29513 | Lair:3   | Reached skill level 10 in Invocations
 31533 | Lair:4   | Found a staircase to the Shoals.
 32232 | Orc:2    | Bought a book of Necromancy for 300 gold pieces
 32236 | Orc:2    | Learned a level 3 spell: Vampiric Draining
 32241 | Orc:2    | Learned a level 4 spell: Animate Dead
 32250 | Orc:2    | Bought a scroll of enchant weapon for 97 gold pieces
 32250 | Orc:2    | Bought a scroll of enchant weapon for 97 gold pieces
 32528 | Lair:3   | Learned a level 1 spell: Pain
 33518 | Lair:5   | Reached XP level 15. HP: 115/117 MP: 29/29
 33537 | Lair:5   | Found a staircase to the Slime Pits.
 34034 | Lair:6   | Entered Level 6 of the Lair of Beasts
 34406 | Orc:2    | Bought a book of Geomancy for 350 gold pieces
 34410 | Orc:2    | Learned a level 3 spell: Stone Arrow
 34597 | D:12     | Found a frozen archway.
 34622 | IceCv    | Entered an ice cave
 34695 | IceCv    | Reached skill level 10 in Armour
 35561 | IceCv    | Noticed a frost giant
 35594 | IceCv    | Killed a frost giant
 36561 | D:12     | Identified the +8 hunting sling of Fimbulwinter {venom,
                  | -Tele +Inv rPois rC+}
 36758 | D:12     | Reached skill level 10 in Charms
 36886 | D:12     | Found an opulent altar of Gozag.
 37117 | D:13     | Found Oteph's Wicked Wares.
 37119 | D:13     | Found a burning altar of Makhleb.
 37240 | D:13     | Reached skill level 10 in Short Blades
 37240 | D:13     | Reached skill level 10 in Long Blades
 37240 | D:13     | Reached skill level 10 in Axes
 37240 | D:13     | Reached skill level 10 in Maces & Flails
 37240 | D:13     | Reached skill level 10 in Staves
 37240 | D:13     | Reached skill level 10 in Slings
 37240 | D:13     | Reached skill level 10 in Bows
 37240 | D:13     | Reached skill level 10 in Crossbows
 37240 | D:13     | Reached skill level 10 in Throwing
 37240 | D:13     | Reached skill level 10 in Stealth
 37240 | D:13     | Reached skill level 10 in Shields
 37240 | D:13     | Reached skill level 10 in Unarmed Combat
 37240 | D:13     | Reached skill level 10 in Evocations
 37244 | D:13     | Found a gate to the Vaults.
 37523 | D:13     | Noticed Urug
 37559 | D:13     | Killed Urug
 37771 | D:13     | Reached ****** piety under Ashenzari
 38178 | D:14     | Found Zunlicko's Assorted Antiques.
 38178 | D:14     | Found Abloroud's Magic Scroll Emporium.
 38195 | D:14     | Bought a scroll of remove curse for 45 gold pieces
 38199 | D:14     | Bought a fuming purple potion for 27 gold pieces
 38366 | D:14     | Found Viadess's Assorted Antiques.
 38389 | D:14     | Noticed Roxanne
 39031 | D:14     | Killed Roxanne
 39043 | D:14     | Learned a level 6 spell: Iron Shot
 39050 | D:14     | Learned a level 5 spell: Bolt of Magma
 39304 | D:14     | Found Tiomnaxu's Distillery.
 39312 | D:14     | Bought a potion of heal wounds for 95 gold pieces
 39312 | D:14     | Bought a potion of heal wounds for 95 gold pieces
 39624 | D:15     | Entered Level 15 of the Dungeon
 39898 | D:15     | Found a flickering gateway to a bazaar.
 39904 | Bazaar   | Entered a bazaar
 39904 | Bazaar   | Found Corufew's General Store.
 39922 | Bazaar   | Found Gepihia's Antique Armour Shop.
 39942 | Bazaar   | Found Bozihint's Antique Weapon Emporium.
 39954 | Bazaar   | Found Sasyiway's Magic Scroll Boutique.
 39965 | Bazaar   | Found Ryigin's Jewellery Boutique.
 40033 | D:15     | Found Pueb's Distillery.
 40721 | Lair:3   | Reached XP level 16. HP: 87/125 MP: 28/31
 42465 | Snake:1  | Entered Level 1 of the Snake Pit
 42892 | Snake:1  | Found the amulet of the Four Winds {rN+ MR+++ Clar}
 43322 | Snake:1  | Found Vaapn's Armour Shop.
 43322 | Snake:1  | Found Ixkibole's Gadget Boutique.
 44104 | Snake:2  | Noticed Aizul
 44128 | Snake:2  | Killed Aizul
 45054 | Snake:2  | Noticed a nagaraja
 45063 | Snake:2  | Killed a nagaraja
 45071 | Snake:2  | Identified the +8 mace "Usis" {freeze, Str+6}
 45272 | Snake:3  | Found Boujix's Magic Scroll Emporium.
 45280 | Snake:3  | Bought a scroll of enchant armour for 112 gold pieces
 45280 | Snake:3  | Bought a scroll of remove curse for 45 gold pieces
 45280 | Snake:3  | Bought a scroll of remove curse for 45 gold pieces
 45280 | Snake:3  | Bought a scroll of remove curse for 45 gold pieces
 45280 | Snake:3  | Bought a scroll of remove curse for 45 gold pieces
 45280 | Snake:3  | Bought a scroll of remove curse for 45 gold pieces
 45300 | Snake:3  | Found Yfary's Jewellery Boutique.
 45359 | Snake:3  | Reached XP level 17. HP: 133/133 MP: 31/33
 45391 | Snake:3  | Found a runed translucent gate.
 45391 | Snake:3  | Found a runed translucent gate.
 45391 | Snake:3  | Found a runed translucent gate.
 45392 | Snake:3  | Noticed TuffENuff's ghost (adept FoFi)
 45646 | Snake:3  | Noticed Mara
 45646 | Snake:3  | Noticed Mara
 45648 | Snake:3  | Noticed Mara
 45656 | Snake:3  | Noticed troglodite's illusion
 46566 | Snake:3  | Found Gadwuam's Food Boutique.
 46623 | Snake:3  | Noticed troglodite's illusion
 46885 | Snake:3  | Noticed troglodite's illusion
 46896 | Snake:3  | HP: 1/133 [Mara (illusionary)/bolt of fire (18)]
 47409 | Shoals:1 | Entered Level 1 of the Shoals
 48587 | Shoals:2 | Noticed a kraken
 48622 | Shoals:2 | Killed a kraken
 48835 | Shoals:2 | Noticed Nikola
 48848 | Shoals:2 | Killed Nikola
 48902 | Shoals:2 | Noticed Polyphemus
 50368 | Shoals:2 | Noticed a kraken
 50795 | Shoals:2 | Killed a kraken
 51671 | Shoals:2 | Killed Polyphemus
 52112 | Shoals:2 | Reached skill level 10 in Conjurations
 52112 | Shoals:2 | Reached skill level 10 in Hexes
 52112 | Shoals:2 | Reached skill level 10 in Summonings
 52112 | Shoals:2 | Reached skill level 10 in Necromancy
 52112 | Shoals:2 | Reached skill level 10 in Translocations
 52112 | Shoals:2 | Reached skill level 10 in Transmutations
 52112 | Shoals:2 | Reached skill level 10 in Fire Magic
 52112 | Shoals:2 | Reached skill level 10 in Ice Magic
 52112 | Shoals:2 | Reached skill level 10 in Air Magic
 52112 | Shoals:2 | Reached skill level 10 in Earth Magic
 52112 | Shoals:2 | Reached skill level 10 in Poison Magic
 52384 | Shoals:3 | Reached XP level 18. HP: 127/141 MP: 31/34
 54546 | Shoals:4 | Entered Level 4 of the Shoals
 55048 | Shoals:4 | Noticed Ilsuiw
 55398 | Shoals:4 | Killed from afar by Ilsuiw

Skill      XL: |  1  2  3  4  5  6  7  8  9 10 11 12 13 14 15 16 17 18 |
---------------+-------------------------------------------------------+-----
Spellcasting   | 5 6 7 8 9 10 11 12 | 12.7
Invocations    | 1 2 3 4 5 6 7 8 9 10 11 12 | 12.8
Short Blades   | 1 2 3 4 5 6 7 8 9 10 11 | 11.9
Long Blades    | 1 2 3 4 5 6 7 8 9 10 11 | 11.9
Axes           | 1 2 3 4 5 6 7 8 9 10 11 | 11.9
Maces & Flails | 1 2 3 4 5 6 7 8 9 10 11 | 11.9
Staves         | 1 2 3 4 5 6 7 8 9 10 11 | 11.9
Slings         | 1 2 3 4 5 6 7 8 9 10 11 | 11.9
Bows           | 1 2 3 4 5 6 7 8 9 10 11 | 11.9
Crossbows      | 1 2 3 4 5 6 7 8 9 10 11 | 11.9
Throwing       | 1 2 3 4 5 6 7 8 9 10 11 | 11.9
Stealth        | 1 2 3 4 5 6 7 8 9 10 11 | 11.9
Shields        | 1 2 3 4 5 6 7 8 9 10 11 | 11.9
Unarmed Combat | 1 2 3 4 5 6 7 8 9 10 11 | 11.9
Evocations     | 1 2 3 4 5 6 7 8 9 10 11 | 11.9
Conjurations   | 1 2 3 4 5 6 7 8 9 10 | 10.2
Hexes          | 1 2 3 4 5 6 7 8 9 10 | 10.2
Summonings     | 1 2 3 4 5 6 7 8 9 10 | 10.2
Necromancy     | 1 2 3 4 5 6 7 8 9 10 | 10.2
Translocations | 1 2 3 4 5 6 7 8 9 10 | 10.2
Transmutations | 1 2 3 4 5 6 7 8 9 10 | 10.2
Fire Magic     | 1 2 3 4 5 6 7 8 9 10 | 10.2
Ice Magic      | 1 2 3 4 5 6 7 8 9 10 | 10.2
Air Magic      | 1 2 3 4 5 6 7 8 9 10 | 10.2
Earth Magic    | 1 2 3 4 5 6 7 8 9 10 | 10.2
Poison Magic   | 1 2 3 4 5 6 7 8 9 10 | 10.2
Armour         | 3 4 5 6 7 8 9 10 11 12 | 12.1
Fighting       | 5 6 7 8 9 10 11 12 | 12.6
Polearms       | 5 6 7 8 9 10 11 12 | 12.6
Dodging        | 5 6 7 8 9 10 11 12 | 12.6
Charms         | 6 7 8 9 10 11 | 11.4

Action                   |  1- 3 |  4- 6 |  7- 9 | 10-12 | 13-15 | 16-18 || total
-------------------------+-------+-------+-------+-------+-------+-------++-------
Melee: Spear             |   173 |   229 |   489 |  1057 |   364 |       ||  2312
       Bite              |    20 |    27 |    47 |   115 |   310 |   288 ||   807
       Trident           |       |       |       |   289 |       |       ||   289
       Long sword        |       |       |       |       |  1456 |  1603 ||  3059
 Cast: Spectral Weapon   |       |     5 |    24 |    99 |    96 |    84 ||   308
       Regeneration      |       |       |     2 |    12 |     5 |     1 ||    20
       Magic Dart        |       |       |       |    55 |    17 |    35 ||   107
       Conjure Flame     |       |       |       |     4 |     4 |       ||     8
       Blink             |       |       |       |    11 |    43 |    16 ||    70
       Call Imp          |       |       |       |     4 |     1 |       ||     5
       Pain              |       |       |       |       |    24 |       ||    24
       Stone Arrow       |       |       |       |       |    18 |    55 ||    73
       Vampiric Draining |       |       |       |       |    16 |    49 ||    65
       Bolt of Magma     |       |       |       |       |       |     7 ||     7
       Animate Dead      |       |       |       |       |       |     2 ||     2
       Iron Shot         |       |       |       |       |       |    53 ||    53
Invok: Curse Item        |       |     3 |     1 |     2 |     3 |     5 ||    14
Evoke: Wand              |       |       |       |       |     1 |     7 ||     8
  Use: Scroll            |       |     6 |     4 |     8 |    18 |    15 ||    51
       Potion            |       |       |     5 |     1 |     2 |     9 ||    17
 Stab: Sleeping          |     1 |     6 |     3 |    12 |    18 |     5 ||    45
       Distracted        |       |     1 |     6 |    14 |    17 |    32 ||    70
       Invisible         |       |       |     5 |       |       |       ||     5
  Eat: Chunk             |     3 |     6 |    10 |    24 |    37 |    26 ||   106
       Ration            |       |     1 |     2 |     5 |     9 |    11 ||    28
Armor: Leather armour    |    40 |    45 |    46 |       |       |       ||   131
       Skin              |       |       |     7 |       |       |       ||     7
       Ring mail         |       |       |    80 |   215 |   510 |   398 ||  1203
Dodge: Dodged            |   140 |   151 |   236 |   435 |  1269 |  1160 ||  3391
Block: Buckler           |       |    20 |    86 |   194 |   454 |       ||   754
       Shield            |       |       |       |       |   317 |  1192 ||  1509
       Rpst.: Long sword |       |       |       |       |   237 |   235 ||   472
